 Dungeon Crawl Stone Soup version 0.28-a0-883-gc8d7bad45d (webtiles) character file.

Game seed: 3990126445953005675

723 frimble the Cutter (level 7, 0/62 HPs)
             Began as a Troll Warper on Nov 22, 2021.
             Slain by Menkaure (10 damage)
             ... on level 4 of the Dungeon.
             The game lasted 00:06:38 (3627 turns).

frimble the Cutter (Troll Warper)                   Turns: 3627, Time: 00:06:39

Health: 0/62       AC:  5    Str: 20    XL:     7   Next: 43%
Magic:  7/7        EV:  9    Int: 11    God:
Gold:   206        SH:  0    Dex:  9    Spells: 6/8 levels left

rFire   . . .      SeeInvis +   b - +1 rapier
rCold   . . .      Faith    .   (no shield)
rNeg    . . .      Spirit   .   r - +0 robe
rPois   +          Reflect  .   (helmet restricted)
rElec   .          Harm     .   f - +0 cloak
rCorr   .          Rampage  .   (gloves unavailable)
Will    .....                   (boots unavailable)
Stlth   +.........              i - amulet of magic regeneration
HPRegen 1.20/turn               l - ring of see invisible
MPRegen 0.35/turn               t - ring of poison resistance

@: no status effects
A: large, unfitting armour, claws 3, regeneration 1, shaggy fur 1, tough skin 1
a: no special abilities


You were on level 4 of the Dungeon.
You visited 1 branch of the dungeon, and saw 5 of its levels.
You also visited: Sewer.

You collected 206 gold pieces.

Inventory:

Hand Weapons
 a - a +0 dagger of draining
 b - a +1 rapier (weapon)
Missiles
 d - 5 boomerangs of dispersal
 j - 30 poisoned darts
 n - 3 boomerangs (quivered)
Armour
 f - a +0 cloak (worn)
 r - a +0 robe (worn)
Jewellery
 i - an amulet of magic regeneration (around neck)
 l - a ring of see invisible (left claw)
 t - a ring of poison resistance (right claw)
 u - an amulet of guardian spirit
Scrolls
 o - 2 scrolls of teleportation
 p - a scroll of magic mapping
Potions
 e - 2 potions of heal wounds
 g - a potion of ambrosia
 h - a potion of flight {unknown}
 m - 3 potions of degeneration
 q - a potion of brilliance
 s - 2 potions of lignification {unknown}


   Skills:
 - Level 1.5 Fighting
 + Level 5.3 Short Blades
 + Level 4.9 Throwing
 - Level 1.9 Dodging
 - Level 1.2 Spellcasting
 - Level 2.1 Translocations


You had 6 spell levels left.
You knew the following spells:

 Your Spells              Type           Power      Damage    Failure   Level
a - Blink                 Tloc           10%        N/A       19%         2

Your spell library contained the following spells:

 Spells                   Type           Power      Damage    Failure   Level
 Gell's Gravitas          Tloc           5%         N/A       36%         3
 Lesser Beckoning         Tloc           5%         N/A       36%         3
 Teleport Other           Tloc           5%         N/A       36%         3
 Manifold Assault         Tloc           5%         N/A       98%         5


Dungeon Overview and Level Annotations

Branches:
Dungeon (5/15)              Sewer (visited)
 Temple: D:4-7

Altars:

Annotations:
D:4 2 runed translucent doors, Dowan; Menkaure; PezBoy's ghost, novice GrFi


Innate Abilities, Weirdness & Mutations

You are too large for most types of armour.
You have claws for hands.
Your natural rate of healing is unusually fast.
You are covered in fur. (AC +1)
You have tough skin. (AC +1)


Message History

Okay, then.
Okay, then.
b - a +1 rapier (weapon)
Throw: 3 boomerangs
Press: ? - help, Q - select action, (/) - cycle Shift-Dir - straight line, f - Menkaure
Aim: Menkaure (72% to hit)
You throw a boomerang.
The boomerang hits Menkaure but does no damage.
You hit Menkaure but do no damage. Menkaure casts a spell at you.
Pain shoots through your body!
You hit Menkaure.
Menkaure is lightly damaged.
Menkaure hits you!
You barely miss Menkaure.
Menkaure is lightly damaged.
Menkaure hits you.
You puncture Menkaure!
Menkaure is moderately damaged.
You hit Menkaure.
Menkaure is heavily damaged.
Menkaure hits you.
You hit Menkaure.
Menkaure is severely damaged.
Menkaure calls on the powers of darkness!
Your body is wracked with pain!
You barely miss Menkaure.
Menkaure is severely damaged.
You barely miss Menkaure.
Menkaure is severely damaged.
Menkaure hits you!
* * * LOW HITPOINT WARNING * * *
You barely miss Menkaure.
Menkaure is heavily damaged.
Menkaure gestures wildly while chanting.
Menkaure seems to speed up.
You barely miss Menkaure.
Menkaure is heavily damaged.
Menkaure hits you!
You die...

#.#
........#####.
..#
######........
... #)h###.## ..
........# #...
#.## ######.[#
#..# ..# #..# #
#.# ....
#.##>#####.##..#
#..M@......#.#..
#.##.###.####.#.
# #.# #.# #.#
#.# #.# #.# ###


You could see Menkaure (fast).

Vanquished Creatures
  Duvessa (D:4)
  A necrophage (D:4)
  A bullfrog (Sewer)
  A scorpion (D:4)
  An orc priest (D:3)
  3 orc wizards (D:4)
  Natasha (D:3)
  4 gnolls (D:4)
  11 adders
  A river rat (D:5)
  A worm (D:2)
  3 dart slugs
  6 orcs
  14 ball pythons
  5 bats
  16 endoplasms
  14 giant cockroaches
  5 goblins
  10 hobgoblins
  3 jackals (D:4)
  7 quokkas
  16 frilled lizards
  11 kobolds
  5 rats
  A toadstool (D:1)
142 creatures vanquished.

Vanquished Creatures (others)
  6 plants (D:1)
  3 toadstools (D:1)
9 creatures vanquished.

Grand Total: 151 creatures vanquished

Notes
Turn   | Place    | Note
-------+----------+-------------------------------------------
     0 | D:1      | frimble the Troll Warper began the quest for the Orb.
     0 | D:1      | Reached XP level 1. HP: 19/19 MP: 1/1
   134 | D:1      | Reached skill level 2 in Short Blades
   209 | D:1      | Reached XP level 2. HP: 27/27 MP: 2/2
   618 | D:1      | Reached XP level 3. HP: 33/33 MP: 3/3
   908 | D:2      | Learned a level 2 spell: Blink
   924 | D:2      | Reached skill level 3 in Short Blades
   924 | D:2      | Reached skill level 1 in Throwing
  1194 | D:2      | Found a faded altar of an unknown god.
  1556 | D:3      | Reached XP level 4. HP: 41/41 MP: 4/4
  1727 | D:3      | Reached XP level 5. HP: 28/48 MP: 5/5
  2097 | D:3      | Noticed Natasha
  2108 | D:3      | Killed Natasha
  2109 | D:3      | Reached skill level 4 in Short Blades
  2381 | D:4      | Noticed a necrophage
  2406 | D:4      | Killed a necrophage
  2407 | D:4      | Reached XP level 6. HP: 51/55 MP: 6/6
  2467 | D:4      | Found a runed translucent door.
  2468 | D:4      | Noticed PezBoy's ghost (novice GrFi)
  2523 | D:4      | Found a runed translucent door.
  2699 | D:4      | Identified the +0 chain mail of the Unbroken {Harm Int+2}
  2733 | D:4      | Noticed Duvessa
  2734 | D:4      | Noticed Dowan
  2765 | D:4      | Killed Duvessa
  2766 | D:4      | Reached skill level 5 in Short Blades
  2766 | D:4      | Reached XP level 7. HP: 50/62 MP: 7/7
  2781 | D:5      | Entered Level 5 of the Dungeon
  3013 | D:5      | Found a glowing drain.
  3017 | Sewer    | Entered a sewer
  3615 | D:4      | Noticed Menkaure
  3627 | D:4      | Slain by Menkaure

Illustrated notes

Levels and vault maps discovered:
D:1:      ldierk_water_garden, layout_loops_ring, lexackson_kobold_supper
D:2:      layout_basic, ebering_ecumenical_altar_abandoned
D:3:      layout_basic, grunt_ministairs_14, uniq_natasha
D:4:      layout_loops_ring, mainiacjoe_overflow_catwalk_spiral,
          ebering_ghost_sewer_f, nicolae_shop_clearance, uniq_duvessa,
          uniq_menkaure, uniq_pikel
D:5:      layout_cave_pools, minmay_temple_entry_fiery, gup_sewer_entry_spiral,
          uniq_eustachio

Skill      XL: |  1  2  3  4  5  6 |
---------------+-------------------+-----
Short Blades   | 2 3 4 5 |  5.3
Throwing       | 1 2 3 4 |  4.9
Fighting       | |  1.5
Dodging        | |  1.9
Spellcasting   | |  1.2
Translocations | |  2.1

Action                   |  1- 3 |  4- 6 |  7- 9 || total
-------------------------+-------+-------+-------++-------
Melee: Short sword       |    98 |       |       ||    98
       Dagger            |    44 |   191 |   233 ||   468
       Rapier            |       |    20 |    10 ||    30
Throw: Javelin           |       |     3 |       ||     3
       Boomerang         |       |       |     1 ||     1
 Cast: Blink             |       |     1 |     1 ||     2
  Use: Scroll            |     4 |     3 |     4 ||    11
 Stab: Sleeping          |       |       |     1 ||     1
Armor: Robe              |    64 |    79 |   107 ||   250
Dodge: Dodged            |    64 |    86 |   131 ||   281

Table legend: (Time is in decaauts)
 A = Elapsed time spent in this place.
 B = Non-inter-level travel time spent in this place.
 C = Inter-level travel time spent in this place.
 D = Time resting spent in this place.
 E = Time spent auto-exploring this place.
 F = Levels seen in this place.
 G = Mean time per level.
                   A        B        C        D        E       F      G
               +--------+--------+--------+--------+--------+-----+--------+
         Total |   3657 |   3512 |    145 |     33 |   2310 |   6 |  609.5 |
       Dungeon |   3124 |   2979 |    145 |     33 |   2025 |   5 |  624.8 |
         Sewer |    533 |    533 |      0 |      0 |    285 |   1 |  533.0 |
               +--------+--------+--------+--------+--------+-----+--------+

Top non-repeatable levels by time:
     D:1: 885 daAuts
     D:3: 767 daAuts
     D:2: 637 daAuts
   Sewer: 533 daAuts
     D:4: 469 daAuts
     D:5: 364 daAuts
